AoeStats
← O grande

Four Lakes

503587149Analyzed
4v4 RM · 1mo ago on Sep 1, 2026· 20m 28s· 8 players
Game mode
Random Map
Map size
Large (8 player)
Population
200
Speed
Normal
Resources
Standard
Victory
Conquest
Starting age
Dark Age
Ending age
Imperial Age
RankedLock teamsTeams togetherTeam positionsShared explorationLock speedFull tech treeHidden civsTurbo modeCheats
Victory
Defeat
🇩🇪 Dravidians · Germany
1738
+6
1545
+14
🇧🇷 Vietnamese · Brazil
1534
+14
🇦🇺 Persians · Australia
1490
+16
🇭🇰 Ethiopians · Hong Kong SAR China
1522
-14
🇨🇳 Magyars · China
1515
-13
🇹🇼 Celts · Taiwan
1512
-13
🇨🇳 Britons · China
1444
-10
JINJIN
4:10 Loom
11:38 Feudal Age
17:37 Castle Age
-GNG-Tenma
6:18 Loom
8:52 Feudal Age
9:47 Double-Bit Axe
11:39 Scale Barding Armor
11:23 Horse Collar
22:26 Castle Age
明征北大将军
6:28 Loom
9:21 Feudal Age
10:16 Double-Bit Axe
13:02 Fletching
16:53 Padded Archer Armor
16:40 Horse Collar
王德发
6:28 Loom
7:47 Loom
10:29 Feudal Age
16:22 Fletching
21:44 Castle Age
20:36 Padded Archer Armor
daumasson
7:50 Loom
10:12 Feudal Age
10:56 Double-Bit Axe
11:13 Fishing Lines
14:24 Padded Archer Armor
17:20 Fletching
23:03 Castle Age
O grande
4:41 Loom
10:17 Feudal Age
10:42 Double-Bit Axe
14:25 Fletching
19:56 Horse Collar
20:11 Gold Mining
Ginger lee fondle your meatballs
10:07 Feudal Age
10:31 Loom
10:51 Double-Bit Axe
16:25 Castle Age
14:36 Gold Mining
18:10 Bow Saw
18:53 Scale Barding Armor
big black boy
7:57 Loom
10:18 Feudal Age
10:55 Double-Bit Axe
13:36 Fishing Lines
15:56 Scale Barding Armor
Connection lost

Rejoining the realm…

Still unreachable

The connection could not be restored.

Session expired

The server has moved on; the page needs a fresh start.